 Dungeon Crawl Stone Soup version 0.30-a0-51-g784eafce7f (webtiles) character file.

Game seed: 14920958372882786703

559 BritishOli the Trooper (level 7, -5/55 HPs)
             Began as a Demonspawn Fighter on Sept 6, 2022.
             Slain by Duvessa
             ... wielding a +0 short sword
              (8 damage)
             ... on level 5 of the Dungeon.
             The game lasted 00:04:00 (5066 turns).

BritishOli the Trooper (Demonspawn Fighter)         Turns: 5066, Time: 00:04:00

Health: -5/55      AC:  8    Str: 19    XL:     7   Next: 9%
Magic:  7/7        EV:  9    Int:  9    God:
Gold:   172        SH: 14    Dex: 12    Spells: 6/6 levels left

rFire   . . .      SeeInvis .    j - +2 short sword (vamp)
rCold   . . .      Faith    .    c - +0 buckler
rNeg    . . .      Spirit   .    b - +0 scale mail
rPois   .          Reflect  +    (helmet restricted)
rElec   .          Harm     .    D - +0 cloak
rCorr   .          Rampage  .    (no gloves)
Will    .....                    (no boots)
Stlth   ..........               k - amulet of reflection
HPRegen 0.18/turn                (no ring)
MPRegen 0.10/turn                (no ring)

@: no status effects
A: horns 1, large bone plates 1
a: no special abilities


You were on level 5 of the Dungeon.
You visited 1 branch of the dungeon, and saw 5 of its levels.

You collected 172 gold pieces.

Inventory:

Hand Weapons
 a - a +0 long sword
 j - a +2 vampiric short sword (weapon)
Armour
 b - a +0 scale mail (worn)
 c - a +0 buckler (worn)
 D - a +0 cloak (worn)
Jewellery
 k - an amulet of reflection (around neck)
 o - an amulet of guardian spirit
Wands
 r - a wand of digging (5)
Scrolls
 e - a scroll of silence {unknown}
 g - 2 scrolls of acquirement {unknown}
 l - a scroll of butterflies {unknown}
 n - 2 scrolls of blinking {unknown}
 p - a scroll of magic mapping {unknown}
 s - a scroll of amnesia {unknown}
 t - a scroll of poison {unknown}
 w - a scroll of teleportation {unknown}
 x - a scroll of noise {unknown}
 y - a scroll of identify {unknown}
 z - a scroll of immolation {unknown}
 C - 2 scrolls of vulnerability {unknown}
Potions
 d - a potion of might
 f - 5 potions of curing {unknown}
 h - a potion of degeneration {unknown}
 i - a potion of heal wounds {unknown}
 m - a potion of magic {unknown}
 q - a potion of flight {unknown}
 u - a potion of haste {unknown}
 v - 2 potions of cancellation {unknown}
 A - a potion of ambrosia {unknown}
 B - a potion of lignification {unknown}


   Skills:
 + Level 4.7 Fighting
 + Level 3.8 Long Blades
 + Level 4.3 Armour
 + Level 4.3 Shields


You had 6 spell levels left.
You didn't know any spells.
Your spell library contained the following spells:

 Spells                   Type           Power      Damage    Failure   Level
 Apportation              Tloc           0%         N/A       83%         1
 Necrotise                Necr           0%         1d4       83%         1
 Summon Small Mammal      Summ           0%         N/A       83%         1


Dungeon Overview and Level Annotations

Branches:
Dungeon (5/15)             Temple (0/1) D:4

Altars:

Annotations:
D:5 Dowan, Duvessa


Innate Abilities, Weirdness & Mutations

You have a pair of small horns on your head.
You are partially covered in large bone plates. (SH +4)


Message History

You hit Duvessa but do no damage.
Duvessa is moderately wounded.
Duvessa barely misses you.
You hit Duvessa but do no damage. You headbutt Duvessa.
Duvessa is heavily wounded.
You block Duvessa's attack. Duvessa hits you with a +0 short sword.
You closely miss Duvessa.
Duvessa is heavily wounded.
You block Duvessa's attack.
You hit Duvessa. You headbutt Duvessa.
Duvessa is heavily wounded.
Dowan gestures at Duvessa while chanting.
Duvessa seems to speed up.
Duvessa hits you with a +0 short sword.
* * * LOW HITPOINT WARNING * * *
You hit Duvessa but do no damage.
Duvessa is heavily wounded.
Duvessa closely misses you.
You hit Duvessa but do no damage.
Duvessa is heavily wounded.
You block Duvessa's attack. Duvessa hits you but does no damage.
You barely miss Duvessa.
Duvessa is heavily wounded.
You block Duvessa's attack.
You closely miss Duvessa. You headbutt Duvessa, but do no damage.
Duvessa is heavily wounded.
Duvessa says, "My weaknesses are his strengths!"
Duvessa hits you with a +0 short sword.
* * * LOW HITPOINT WARNING * * *
Duvessa hits you but does no damage.
You completely miss Duvessa. Your headbutt misses Duvessa.
Duvessa is heavily wounded.
Duvessa barely misses you. x2
You barely miss Duvessa.
Duvessa is heavily wounded.
Duvessa hits you with a +0 short sword!
* * * LOW HITPOINT WARNING * * *
You barely miss Duvessa.
Duvessa is heavily wounded.
You block Duvessa's attack. Duvessa hits you with a +0 short sword!
You die...

################
........##.....###
........##@###.>.########
........##e# #.......##.#
..........e#
#...###.##.###
...........# #...#
#....... ...........#
##..# ##.....#
........##.# #..# #.....#
........##.# #..# #.....#
##########.# #..# #.....#
#.. .... +......


You could see Duvessa (fast) and Dowan.

Vanquished Creatures
  2 phantoms (D:4)
  Blork the orc (D:5)
  2 scorpions
  An orc priest (D:2)
  An orc wizard (D:2)
  3 gnolls (D:3)
  2 adders (D:2)
  2 shadow imps (D:5)
  A white imp (D:5)
  A worm (D:3)
  2 dart slugs
  5 orcs
  4 endoplasms
  11 giant cockroaches
  10 goblins
  5 hobgoblins
  3 jackals (D:3)
  6 quokkas
  9 ball pythons
  6 bats
  4 frilled lizards
  7 kobolds
  6 rats
94 creatures vanquished.

Vanquished Creatures (others)
  A goblin (D:4)
1 creature vanquished.

Grand Total: 95 creatures vanquished

Notes
Turn   | Place    | Note
-------+----------+-------------------------------------------
     0 | D:1      | BritishOli the Demonspawn Fighter began the quest for the
                  | Orb.
     0 | D:1      | Reached XP level 1. HP: 18/18 MP: 1/1
   183 | D:1      | Gained mutation: You are partially covered in large bone
                  | plates. (SH +4) [demonic ancestry]
   183 | D:1      | Reached XP level 2. HP: 8/24 MP: 2/2
   770 | D:1      | Found a faded altar of an unknown god.
   850 | D:1      | Reached XP level 3. HP: 27/29 MP: 3/3
  1747 | D:2      | Gained mutation: You have a pair of small horns on your
                  | head. [demonic ancestry]
  1747 | D:2      | Reached XP level 4. HP: 35/35 MP: 4/4
  2801 | D:2      | Reached XP level 5. HP: 28/42 MP: 5/5
  3562 | D:4      | Noticed a phantom
  3589 | D:4      | Killed a phantom
  3590 | D:4      | Reached XP level 6. HP: 24/48 MP: 6/6
  3771 | D:4      | Found a staircase to the Ecumenical Temple.
  4418 | D:5      | Entered Level 5 of the Dungeon
  4776 | D:5      | Noticed Blork the orc
  4792 | D:5      | Killed Blork the orc
  4995 | D:5      | Reached XP level 7. HP: 55/55 MP: 7/7
  5025 | D:5      | Noticed Dowan
  5026 | D:5      | Noticed Duvessa
  5066 | D:5      | Slain by Duvessa

Illustrated notes

Levels and vault maps discovered:
D:1:      evilmike_arrival_plus, layout_loops_ring,
          hellmonk_ecumenical_altar_leap_of_faith,
          amcnicky_mini_rare_corridor_liquid
D:2:      layout_loops_ring, chequers_serial_rivers_small_a, minmay_door_square
D:3:      layout_loops_corners, good_gods_temple_1
D:4:      layout_loops_ring, minmay_temple_entry_mini_moons
D:5:      layout_basic, okawaru_metal_pillars_3, uniq_grinder,
          uniq_blork_the_orc, uniq_duvessa

Skill      XL: |  1  2  3  4  5  6 |
---------------+-------------------+-----
Long Blades    | 2 3 |  3.8
Armour         | 3 4 |  4.3
Shields        | 3 4 |  4.3
Fighting       | 4 |  4.7

Action                   |  1- 3 |  4- 6 |  7- 9 || total
-------------------------+-------+-------+-------++-------
Melee: Long sword        |    58 |       |       ||    58
       Short sword       |    82 |   241 |    34 ||   357
       Headbutt          |       |    49 |    11 ||    60
Armor: Scale mail        |    48 |    53 |     4 ||   105
Dodge: Dodged            |    48 |    47 |     6 ||   101
Block: Buckler           |    79 |   150 |    20 ||   249
       Reflection        |     2 |     5 |       ||     7

Table legend: (Time is in decaauts)
 A = Elapsed time spent in this place.
 B = Non-inter-level travel time spent in this place.
 C = Inter-level travel time spent in this place.
 D = Time resting spent in this place.
 E = Time spent auto-exploring this place.
 F = Levels seen in this place.
 G = Mean time per level.
                   A        B        C        D        E       F      G
               +--------+--------+--------+--------+--------+-----+--------+
         Total |   5110 |   4998 |    112 |    570 |   3583 |   5 | 1022.0 |
       Dungeon |   5110 |   4998 |    112 |    570 |   3583 |   5 | 1022.0 |
               +--------+--------+--------+--------+--------+-----+--------+

Top non-repeatable levels by time:
     D:1: 1315 daAuts
     D:2: 1202 daAuts
     D:3: 1072 daAuts
     D:4: 868 daAuts
     D:5: 651 daAuts
